Map: Equilibrium LE

Players

SubN

  • Race: Zerg Zerg
  • League: Diamond
  • Spawn Location: 11:00

Unlawful - Winner!

  • Race: Terran Terran
  • Spawn Location: 1:00

VOD

Have the link to the VOD?

Description

Time

  • Played on: Jan. 20, 2024, 5:14 p.m.
  • Length: 8:34
Show
View Real Time Build Order
Export as new Build Order

SubN Zerg 

Build Orders: Pool First 

Get SALT Encoding   

  12  0:00  Drone  
  13  0:12  Overlord  
  13  0:18  Drone  
  14  0:30  Drone x2  
  16  0:36  Drone  
  17  0:45  Extractor  
  17  0:46  Spawning Pool  
  17  0:49  Drone  
  16  1:11  Hatchery  
  15  1:14  Drone  
  16  1:19  Drone  
  16  1:23  Drone  
  18  1:27  Drone  
  19  1:38  Queen  
  21  1:42  Zergling x2  
  22  1:53  Metabolic Boost  
  22  1:56  Overlord  
  22  2:06  Overlord  
  22  2:17  Queen  
  22  2:22  Queen  
  24  2:28  Zergling x2  
  24  2:29  Zergling x2  
  28  2:32  Zergling x2  
  29  2:37  Drone  
  29  2:38  Drone  
  29  2:43  Drone  
  32  2:45  Drone  
  32  2:48  Drone  
  34  2:56  Drone x2  
  36  3:12  Hatchery  
  35  3:15  Drone  
  36  3:25  Drone x4  
  41  3:27  Drone  
  41  3:32  Drone  
  42  3:37  Roach Warren  
  41  3:43  Lair  
  41  3:47  Overlord  
  41  3:49  Drone  
  41  3:51  Drone  
  41  3:52  Drone  
  44  3:59  Overlord  
  44  4:06  Drone x5  
  49  4:18  Baneling Nest  
  49  4:20  Drone x6  
  49  4:23  Extractor  
  53  4:25  Extractor  
  53  4:26  Queen  
  54  4:36  Evolution Chamber, Queen  
  55  4:39  Evolution Chamber  
  55  4:40  Overlord  
  55  4:44  Pneumatized Carapace  
  54  4:53  Drone  
  54  4:57  Drone x2  
  54  4:58  Drone x2  
  54  4:59  Drone x4  
  63  5:00  Drone  
  63  5:04  Zergling x6  
  64  5:12  Centrifugal Hooks, Glial Reconstitution  
  64  5:17  Zergling x2  
  64  5:18  Zergling x2  
  64  5:20  Baneling  
  66  5:32  Overlord x4  
  66  5:35  Baneling  
  66  5:36  Baneling x5  
  64  5:56  Queen  
  65  6:02  Zergling x2  
  65  6:03  Zergling x26  
  79  6:12  Drone, Spire  
  79  6:17  Zergling x4  
  77  6:38  Drone x11  
  83  6:41  Extractor  
  83  6:42  Extractor, Queen  
  83  6:44  Drone x2  
  83  6:46  Drone  
  86  6:50  Drone  
  80  7:00  Extractor  
  79  7:12  Drone x2  
  79  7:14  Drone x7  
  88  7:30  Hatchery  
  88  7:31  Overseer  
  88  7:36  Zergling x2, Spore Crawler x2  
  86  7:37  Zergling x14  
  86  7:38  Spore Crawler  
  86  7:41  Overlord x3  
  86  7:43  Overseer  
  92  7:47  Overseer  
  92  7:51  Overlord  
  92  7:52  Overlord x2  
  92  8:03  Zergling x12  
  91  8:09  Zergling x10  
Show
View Real Time Build Order
Export as new Build Order

Unlawful Terran - Winner!

Build Orders:  

Get SALT Encoding   

  12  0:00  SCV  
  13  0:12  SCV  
  14  0:17  Supply Depot  
  14  0:24  SCV  
  15  0:38  SCV  
  15  0:39  Barracks  
  16  0:43  Refinery  
  16  0:50  SCV  
  17  1:02  SCV  
  18  1:15  SCV  
  19  1:26  Marine  
  19  1:27  Orbital Command  
  20  1:43  Command Center  
  20  1:54  SCV  
  21  1:57  Barracks Reactor  
  21  2:00  Supply Depot  
  21  2:07  SCV  
  21  2:19  SCV  
  21  2:21  Factory  
  22  2:24  Refinery  
  22  2:31  SCV  
  22  2:33  Marine x2  
  25  2:43  SCV  
  26  2:51  Marine x2  
  26  2:55  Orbital Command, SCV  
  29  3:05  Factory Reactor  
  29  3:07  Starport, SCV  
  30  3:15  Marine x2  
  30  3:19  SCV  
  33  3:20  SCV  
  34  3:31  SCV  
  34  3:32  SCV  
  34  3:33  Bunker, Marine x2  
  38  3:41  Supply Depot  
  38  3:43  SCV  
  38  3:44  SCV  
  40  3:49  Barracks  
  40  3:50  Marine  
  40  3:51  Medivac x2  
  40  3:55  Factory Tech Lab  
  45  3:59  Barracks  
  45  4:08  SCV x2  
  47  4:15  Supply Depot  
  47  4:17  Refinery, Marine x2  
  47  4:20  SCV x2  
  51  4:30  Siege Tank  
  54  4:36  Marine x2  
  54  4:37  Supply Depot, SCV x2  
  58  4:41  Barracks Tech Lab  
  58  4:42  Supply Depot  
  58  4:47  Engineering Bay  
  58  4:48  Barracks Reactor  
  58  4:59  SCV x2  
  60  5:02  Supply Depot  
  60  5:07  Marine x3  
  60  5:09  Stimpack  
  60  5:11  SCV  
  64  5:17  Terran Infantry Weapons Level 1  
  64  5:18  Command Center  
  64  5:25  Supply Depot, Marine x3  
  67  5:29  Supply Depot  
  67  5:31  Marine x2  
  69  5:43  Marine x3  
  72  6:01  Marine  
  72  6:02  Marine x3  
  76  6:08  Armory  
  76  6:10  Medivac x2, Engineering Bay, Widow Mine  
  76  6:11  Marine  
  82  6:15  Supply Depot  
  83  6:19  Marine x4  
  87  6:29  Marine  
  79  6:35  Widow Mine  
  79  6:37  Marine x3  
  73  6:40  Medivac x2  
  77  6:49  Orbital Command  
  77  6:50  Marine  
  77  6:51  Marine  
  79  6:54  Marine  
  79  6:55  Marine x2  
  79  6:57  Widow Mine  
  79  6:59  Drilling Claws  
  84  7:04  SCV x2  
  84  7:06  Refinery  
  86  7:08  Marine  
  86  7:11  Marine  
  86  7:12  Supply Depot, Combat Shield  
  88  7:18  Widow Mine  
  90  7:25  Medivac  
  90  7:28  Marine x4  
  90  7:29  Marine  
  97  7:39  Widow Mine  
  99  7:45  Orbital Command  
  99  7:46  Marine x3  
  99  7:50  Marine  
  103  7:56  Marine  
  104  8:01  Widow Mine  
Tags
 
League
Diamond
Matchup
TvZ
Opening
Pool First
Replay Pack
2025 replay dump
Spawn Locations
Close Positions
Add a new tag
Caveats
  • Supply blocks, unpowered buildings, or Contaminate may cause inaccurate times.
  • Supply counts are checked every 10 seconds.